 Dungeon Sprint DCSS version 0.29.1-13-g9f3cf754e1 (webtiles) character file.

Game seed: 10097731200166072810

1800000 theswoord the Slayer (level 14, 0/141 HPs)
             Began as a Mummy Monk on Jan 26, 2023.
             Slain by a meat berserker
             ... wielding a +9 battleaxe
              (23 damage)
             ... in the Dungeon (Sprint VIII: "Arena of Blood").
             The game lasted 00:01:03 (18 turns).

theswoord the Slayer (Mummy Monk)                     Turns: 18, Time: 00:01:04

Health: 0/141      AC:  2    Str: 15    XL:     14   Next: 9%
Magic:  14/14      EV: 25    Int: 10    God:
Gold:   0          SH:  0    Dex: 18    Spells: 13/13 levels left

rFire   x . .      SeeInvis .   d - +∞ Axe of Woe
rCold   + . .      Faith    .   (shield currently unavailable)
rNeg    + + +      Spirit   .   b - +0 robe
rPois   ∞          Reflect  .   (no helmet)
rElec   .          Harm     .   (no cloak)
rCorr   .          Rampage  .   (no gloves)
Will    +....      NoTele   +   (no boots)
Stlth   ++........              (no amulet)
HPRegen 0.33/turn               (no ring)
MPRegen 0.14/turn               (no ring)

@: no status effects
A: cold resistance 1, negative energy resistance 3, torment resistance 2, heat
vulnerability 1, in touch with death 2, no potions
a: no special abilities


You were in the Dungeon.
You visited 1 branch

Inventory:

Hand Weapons
 a - a +0 hand axe
 d - the +∞ Axe of Woe (weapon)
   (You found it in the Dungeon)
Armour
 b - a +0 robe (worn)


   Skills:
 + Level 22.7 Fighting
 + Level 19.5 Axes
 + Level 19.5 Dodging
 - Level 1.5 Stealth


You had 13 spell levels left.
You didn't know any spells.
Your spell library was empty.

Dungeon Overview and Level Annotations

Branches:
Dungeon (1/1)

Altars:
Makhleb


Innate Abilities, Weirdness & Mutations

You are immune to poison.
Your flesh is cold resistant. (rC+)
You are immune to negative energy. (rN+++)
You are immune to unholy pain and torment.
You are vulnerable to heat. (rF-)
You are strongly in touch with the powers of death.
You do not drink.


Message History

You hear a shout! x4
You swing at nothing.
The bag of meat appears out of thin air!
A bag of meat comes into view. It is wielding a +9 war axe.
The bag of meat shouts!
You hear a shout!
A meat berserker comes into view. It is wielding a +9 battleaxe.
You hear a shout! x8
A bag of meat comes into view. It is wielding a +9 war axe.
You hear a shout! x3
A bag of meat comes into view. It is wielding a +9 war axe.
You hear a shout!
The bag of meat shouts!
You hear two shouts!
The bag of meat shouts! x2
You cut the bag of meat into ribbons!!!
You butcher the bag of meat messily.
You kill the bag of meat!
You hear a shout! x3
A large bag of meat comes into view. It is wielding a +9 giant spiked club.
A bag of meat comes into view. It is wielding a +9 war axe.
You hear a shout!
A bag of meat comes into view. It is wielding a +9 war axe.
You hear a shout!
Your Fighting skill increases to level 22!
You slash the bag of meat!
You fatally mangle the bag of meat.
You kill the bag of meat!
You hear a shout! x6
A meat berserker comes into view. It is wielding a +9 battleaxe.
Your Axes skill increases to level 19!
Your Dodging skill increases to level 19!
You have reached level 14!
Blink to where?
Press: ? - help, Dir - move target 2 meat berserkers, 27 bags of meat and a large bag of meat come into view.
As you read the scroll of blinking, it crumbles to dust.
The bag of meat shouts! x18; The meat berserker shouts!
The large bag of meat shouts in stereo!
The meat berserker shouts!
The bag of meat shouts! x2; You hear a shout! x9
A meat berserker comes into view. It is wielding a +9 battleaxe.
You hear a shout! x3
A bag of meat comes into view. It is wielding a +9 war axe. x2
The meat berserker hits you with a +9 battleaxe!!
You die... #.....##.##.... ..........o..o. ........#.#oo.. ...........ooo. ooo.oo.o.oo.O.O

o.o.o.oo..o....
.o.o...oO......
..ooooo@.......
..o#o.oO...#...
. #.......#
..###.......###.
....oO###..O...
..o.o._......
....#)....#....
....#§)<._#....
#)....#


You could see a large bag of meat (inner flame), 5 meat berserkers and 35 bags
of meat.

Vanquished Creatures
  2 ogres (D)
  3 orcs (D)
5 creatures vanquished.

Notes
Turn   | Place    | Note
-------+----------+-------------------------------------------
     0 | D        | Found the +∞ Axe of Woe
     0 | D        | theswoord the Mummy Monk began the quest for the Orb.
     0 | D        | Reached XP level 1. HP: 18/18 MP: 1/1
     2 | D        | Noticed a bag of meat
     4 | D        | Noticed a bag of meat
     7 | D        | Noticed a bag of meat
     9 | D        | Noticed a meat berserker
    10 | D        | Killed a bag of meat
    10 | D        | Noticed a meat berserker
    11 | D        | Reached skill level 15 in Fighting
    11 | D        | Reached XP level 2. HP: 44/44 MP: 2/2
    11 | D        | Gained mutation: You are in touch with the powers of death.
                  | [Mummy growth]
    11 | D        | Reached XP level 3. HP: 50/50 MP: 3/3
    11 | D        | Reached XP level 4. HP: 57/57 MP: 4/4
    11 | D        | Reached XP level 5. HP: 63/63 MP: 5/5
    11 | D        | Reached XP level 6. HP: 70/70 MP: 6/6
    11 | D        | Reached XP level 7. HP: 76/76 MP: 7/7
    11 | D        | Reached XP level 8. HP: 83/83 MP: 8/8
    11 | D        | Reached XP level 9. HP: 89/89 MP: 9/9
    11 | D        | Reached XP level 10. HP: 97/97 MP: 10/10
    12 | D        | Killed a meat berserker
    12 | D        | Noticed a bag of meat
    12 | D        | Noticed a bag of meat
    13 | D        | Reached skill level 19 in Fighting
    13 | D        | Reached XP level 11. HP: 16/111 MP: 11/11
    13 | D        | Reached XP level 12. HP: 17/119 MP: 12/12
    13 | D        | Killed a meat berserker
    13 | D        | Noticed a meat berserker
    13 | D        | Noticed a bag of meat
    14 | D        | Reached skill level 21 in Fighting
    14 | D        | Gained mutation: You are strongly in touch with the powers
                  | of death. [Mummy growth]
    14 | D        | Reached XP level 13. HP: 19/130 MP: 13/13
    14 | D        | Noticed a bag of meat
    15 | D        | Noticed a bag of meat
    15 | D        | Noticed a meat berserker
    15 | D        | Noticed a bag of meat
    15 | D        | Noticed a bag of meat
    16 | D        | Killed a bag of meat
    16 | D        | Noticed a large bag of meat
    16 | D        | Noticed a bag of meat
    16 | D        | Noticed a bag of meat
    17 | D        | Reached skill level 22 in Fighting
    17 | D        | Killed a bag of meat
    17 | D        | Noticed a meat berserker
    18 | D        | Reached XP level 14. HP: 22/141 MP: 14/14
    18 | D        | Noticed a bag of meat
    18 | D        | Noticed a bag of meat
    18 | D        | Noticed a bag of meat
    18 | D        | Noticed a bag of meat
    18 | D        | Noticed a bag of meat
    18 | D        | Noticed a bag of meat
    18 | D        | Noticed a bag of meat
    18 | D        | Noticed a bag of meat
    18 | D        | Noticed a bag of meat
    18 | D        | Noticed a bag of meat
    18 | D        | Noticed a bag of meat
    18 | D        | Noticed a bag of meat
    18 | D        | Noticed a bag of meat
    18 | D        | Noticed a bag of meat
    18 | D        | Noticed a bag of meat
    18 | D        | Noticed a bag of meat
    18 | D        | Noticed a bag of meat
    18 | D        | Noticed a bag of meat
    18 | D        | Noticed a bag of meat
    18 | D        | Noticed a bag of meat
    18 | D        | Noticed a bag of meat
    18 | D        | Noticed a bag of meat
    18 | D        | Noticed a bag of meat
    18 | D        | Noticed a bag of meat
    18 | D        | Noticed a bag of meat
    18 | D        | Noticed a meat berserker
    18 | D        | Noticed a bag of meat
    18 | D        | Noticed a meat berserker
    18 | D        | Noticed a bag of meat
    18 | D        | Noticed a large bag of meat
    18 | D        | Noticed a meat berserker
    18 | D        | Noticed a bag of meat
    18 | D        | Noticed a bag of meat
    18 | D        | Slain by a meat berserker

Skill      XL: |  1  2  3  4  5  6  7  8  9 10 11 12 13 |
---------------+----------------------------------------+-----
Fighting       | 15 19 21 22 | 22.7
Axes           | 13 16 18 19 | 19.5
Dodging        | 13 16 18 19 | 19.5
Stealth        | |  1.5

Action                   |  1- 3 |  4- 6 |  7- 9 | 10-12 | 13-15 || total
-------------------------+-------+-------+-------+-------+-------++-------
Melee: Executioner's axe |     1 |       |       |     2 |     2 ||     5
  Use: Scroll            |       |       |       |       |     1 ||     1

Levels and vault maps discovered:
D:        meatsprint
